 Dungeon Crawl Stone Soup version 0.21-a0-538-gd16b88a (webtiles) character file.

73 Gildeon the Chopper (level 4, -13/38 HPs)
             Began as a Draconian Fighter on Dec 16, 2017.
             Mangled by a gnoll
             ... wielding a +0 halberd
              (17 damage)
             ... on level 2 of the Dungeon.
             The game lasted 00:03:33 (1434 turns).

Gildeon the Chopper (Draconian Fighter)             Turns: 1434, Time: 00:03:34

Health: -13/38     AC:  5    Str: 18    XL:     4   Next: 8%
Magic:  4/4        EV: 10    Int:  9    God:
Gold:   119        SH:  9    Dex: 11    Spells: 3/3 levels left

rFire    . . .     SeeInvis .   a - +0 war axe
rCold    . . .     Gourm    .   b - +0 shield
rNeg     . . .     Faith    .   (armour unavailable)
rPois    .         Spirit   .   (helmet restricted)
rElec    .         Reflect  .   (no cloak)
rCorr    .         Harm     .   (no gloves)
MR       .....                  (no boots)
Stlth    +.........             c - amulet of inaccuracy (curse)
HPRegen  0.12/turn              (no ring)
MPRegen  0.09/turn              (no ring)

@: no status effects
A: unfitting armour, cold-blooded, AC +5
a: no special abilities


You were on level 2 of the Dungeon.
You were not hungry.

You visited 1 branch of the dungeon, and saw 2 of its levels.

You collected 119 gold pieces.

Inventory:

Hand Weapons
 a - a +0 war axe (weapon)
Armour
 b - a +0 shield (worn)
Jewellery
 c - a cursed amulet of inaccuracy (around neck)
 i - an uncursed amulet of magic regeneration
Scrolls
 l - a scroll of fog
Potions
 g - a potion of curing {unknown}
 h - a potion of heal wounds {unknown}
 k - a potion of brilliance {unknown}
 o - a potion of agility {unknown}
Comestibles
 d - a bread ration
 f - 3 chunks of flesh
 j - 2 meat rations
 n - a royal jelly


   Skills:
 - Level 3.2 Fighting
 + Level 4.4 Axes
 - Level 2.6 Dodging
 - Level 3.0 Shields


You had 3 spell levels left.
You didn't know any spells.

Dungeon Overview and Level Annotations

Branches:
Dungeon (2/15)

Altars:
Elyvilon
Fedhas
Makhleb


Innate Abilities, Weirdness & Mutations

Your plain brown scales are hard. (AC +5)
You cannot fit into any form of body armour.
You are cold-blooded and may be slowed by cold attacks.


Message History

You miss the gnoll.
Your tail-slap misses the gnoll.
The gnoll is heavily wounded.
You closely miss the kobold. You closely miss the gnoll.
You block the kobold's attack. You block the gnoll's attack.
The gnoll closely misses you. You block the kobold's attack.
You closely miss the gnoll.
Your tail-slap misses the gnoll.
The gnoll is heavily wounded.
You slash the gnoll! You barely miss the kobold.
The gnoll hits you but does no damage. You block the gnoll's attack.
The gnoll barely misses you. The kobold hits you but does no damage.
The gnoll closely misses you. You block the gnoll's attack.
You closely miss the gnoll.
The gnoll is heavily wounded.
You closely miss the gnoll. You miss the kobold. You barely miss the gnoll.
The gnoll hits you from afar with a halberd!
The kobold hits you with a short sword. The gnoll hits you with a spear!
* * * LOW HITPOINT WARNING * * *
The gnoll closely misses you. You block the gnoll's attack.
The gnoll hits you from afar with a halberd!
You die...

#.#####.#(#...##....
........<#..!##....
#......###...##....
#........#...##....
#......#.#.......##
#......#.#.........
#.g....#.#.#.....##
#.gg.......#.....#
##@K.......#.....#
#.g##............
#..###...##.######
#.........#.#
#.......#.#.#
#########.#.#.######
#...................
#.#######...#.#####.
#.###########)#


You could see 4 gnolls and a kobold.

Vanquished Creatures
  Natasha (D:2)
  An ooze (D:1)
  2 dart slugs (D:1)
  3 leopard geckos
  5 bats
  3 giant cockroaches
  3 goblins
  4 hobgoblins
  8 kobolds
  A ball python (D:2)
  2 frilled lizards
  4 rats (D:1)
37 creatures vanquished.

Notes
Turn   | Place    | Note
-------+----------+-------------------------------------------
     0 | D:1      | Gildeon the Draconian Fighter began the quest for the Orb.
     0 | D:1      | Reached XP level 1. HP: 19/19 MP: 1/1
   152 | D:1      | Reached XP level 2. HP: 26/26 MP: 2/2
   182 | D:1      | Reached skill level 3 in Axes
   879 | D:1      | Reached XP level 3. HP: 29/31 MP: 3/3
   967 | D:2      | Found a blossoming altar of Fedhas.
   968 | D:2      | Found a white marble altar of Elyvilon.
  1014 | D:2      | Found a burning altar of Makhleb.
  1252 | D:2      | Noticed Natasha
  1257 | D:2      | Killed Natasha
  1257 | D:2      | Reached skill level 4 in Axes
  1257 | D:2      | Reached XP level 4. HP: 23/38 MP: 4/4
  1434 | D:2      | Mangled by a gnoll

Vault maps used:
D:1:      lightli_arrival_chessboard, hex_intersection
D:2:      bloody_makhleb, grunt_temple_overflow_open, eino_tiny_chamber,
          kennysheep_generic_room_6, uniq_natasha

Skill      XL: |  1  2  3 |
---------------+----------+-----
Axes           | 3 4 |  4.4
Fighting       | |  3.2
Dodging        | |  2.6
Shields        | |  3.0

Action                   |  1- 3 |  4- 6 || total
-------------------------+-------+-------++-------
Melee: War axe           |   109 |    14 ||   123
       Tailslap          |     9 |     2 ||    11
  Use: Scroll            |     3 |       ||     3
       Potion            |     1 |       ||     1
  Eat: Chunk             |     1 |     1 ||     2
Armor: Skin              |    33 |     7 ||    40
Dodge: Dodged            |    57 |    14 ||    71
Block: Shield            |    71 |    18 ||    89

Table legend:
 A = Spawn XP
 B = Non-spawn XP
 C = Spawn XP percentage of total XP
 D = Spawn monster count
 E = Non-spawn monster count
 F = Spawn count percentage of total count
 G = Total turns spent on level
                    A         B        C        D         E        F      G
               +---------+---------+-------+---------+---------+-------+---------
         Total |       0 |     105 |   0.0 |       0 |      37 |   0.0 |  1434
               +---------+---------+-------+---------+---------+-------+---------
           D:1 |       0 |      50 |   0.0 |       0 |      25 |   0.0 |   967
           D:2 |       0 |      55 |   0.0 |       0 |      12 |   0.0 |   467
               +---------+---------+-------+---------+---------+-------+---------
